A- - U25
ROSEBURG OWLS @ NEW WESTMINSTER CAVALRY
09/05/2052
 
TOP OF THE 1ST
Eugene Emeralds batting - Pitching for Rogue Valley Dodgers : RHP Kendrich Hartz
Pitching: RHP Kendrich Hartz
Batting: LHB Jasper Gysel 0-0: Called Strike
0-1: Ball
1-1: Ball
2-1: Called Strike
2-2: SINGLE (Flyball, 8RS, EV 88.8 MPH)
Batting: RHB B.J. Carrasco 0-0: Fly out, F9 (Flyball, 9LM, EV 96.2 MPH)
Batting: LHB Ajeet Lu 0-0: Foul Ball, location: 2F
0-1: Ball
1-1: Ball
Wild Pitch!
Jasper Gysel to second
2-1: Foul Ball, location: 2F
2-2: Foul Ball, location: 2F
2-2: Ball
3-2: Foul Ball, location: 2F
3-2: Base on Balls
Batting: RHB Augie Cohen 0-0: Ball
1-0: Ball
Jasper Gysel steals 3rd, throwing error, E2
Jasper Gysel scores
Ajeet Lu to third
2-0: Fly out, F9 (Flyball, 9LS, EV 80.0 MPH)
Batting: LHB Nicky Rodriguez 0-0: Ball
1-0: Foul Ball, location: 2F
1-1: Ball
Wild Pitch!
Ajeet Lu scores
2-1: Ball
3-1: SINGLE (Line Drive, 7S, EV 93.8 MPH)
Batting: RHB Rider Landivar 0-0: Called Strike
0-1: Ball
1-1: Swinging Strike
1-2: Strikes out looking
Top of the 1st over - 2 runs, 2 hits, 1 error, 1 left on base; Eugene 2 - Rogue Valley 0
BOTTOM OF THE 1ST
Rogue Valley Dodgers batting - Pitching for Eugene Emeralds : LHP Ronaldo Cifuentes
Pitching: LHP Ronaldo Cifuentes
Batting: RHB Lou Northam 0-0: Called Strike
0-1: Ground out 6-3 (Groundball, 6, EV 81.2 MPH)
Batting: RHB Alilzon Vega 0-0: Foul Ball, location: 2F
0-1: Foul Ball, location: 2F
0-2: Strikes out swinging
Batting: RHB Kevin Hall 0-0: Ball
1-0: Ball
2-0: Ball
3-0: Called Strike
3-1: Base on Balls
Batting: RHB Daniel Morris-Jackson 0-0: Ball
1-0: Swinging Strike
1-1: Ball
2-1: Ball
3-1: Base on Balls
Kevin Hall to second
Batting: RHB Jude Beverly 0-0: Called Strike
0-1: Foul Ball, location: 2F
0-2: Strikes out looking
Bottom of the 1st over - 0 runs, 0 hits, 0 errors, 2 left on base; Eugene 2 - Rogue Valley 0
TOP OF THE 2ND
Eugene Emeralds batting - Pitching for Rogue Valley Dodgers : RHP Kendrich Hartz
Batting: RHB Oscar Rodríguez 0-0: Foul Ball, location: 2F
0-1: Ball
1-1: Ball
2-1: Ball
3-1: Base on Balls
Batting: RHB Daxton Sanchez 0-0: Ball
1-0: Ball
2-0: Called Strike
2-1: Ball
3-1: Base on Balls
Oscar Rodríguez to second
Batting: RHB Travis Armbrust 0-0: Ball
1-0: Ball
2-0: Fly out, F4 (Flyball, 34D, EV 77.5 MPH)
Batting: LHB Jasper Gysel 0-0: Swinging Strike
0-1: Ball
1-1: Swinging Strike
1-2: Ball
2-2: Foul Ball, location: 2F
2-2: Ball
3-2: Foul Ball, location: 2F
3-2: Strikes out swinging
Batting: RHB B.J. Carrasco 0-0: Called Strike
0-1: Ball
1-1: Swinging Strike
1-2: Strikes out swinging
Top of the 2nd over - 0 runs, 0 hits, 0 errors, 2 left on base; Eugene 2 - Rogue Valley 0
BOTTOM OF THE 2ND
Rogue Valley Dodgers batting - Pitching for Eugene Emeralds : LHP Ronaldo Cifuentes
Batting: RHB Damian Hawkins 0-0: Ball
1-0: Ball
2-0: Called Strike
2-1: SINGLE (Groundball, 6D, EV 96.9 MPH)
Batting: RHB Eric Everitt Jr. 0-0: Called Strike
0-1: SINGLE (Flyball, 89S, EV 88.1 MPH)
Damian Hawkins to second
Batting: RHB Mason Anderson 0-0: Called Strike
0-1: Fly out, F3 (Popup, 3S, EV 80.6 MPH)
Batting: RHB Felix Pizano 0-0: Ball
1-0: Called Strike
1-1: Ball
2-1: Ball
3-1: Base on Balls
Damian Hawkins to third
Eric Everitt Jr. to second
Batting: RHB Lou Northam 0-0: Ball
1-0: Fly out, F7 (Flyball, 7, EV 88.1 MPH)
Runner from 3rd tags up, SCORES, throw by LF
Batting: RHB Alilzon Vega 0-0: Called Strike
0-1: Swinging Strike
0-2: Foul Ball, location: 2F
0-2: Ball
Wild Pitch!
Eric Everitt Jr. to third
Felix Pizano to second
1-2: Ball
2-2: Ball
3-2: Base on Balls
Batting: RHB Kevin Hall 0-0: Called Strike
0-1: Fly out, F4 (Popup, 3DF, EV 44.4 MPH)
Bottom of the 2nd over - 1 run, 2 hits, 0 errors, 3 left on base; Eugene 2 - Rogue Valley 1
TOP OF THE 3RD
Eugene Emeralds batting - Pitching for Rogue Valley Dodgers : RHP Kendrich Hartz
Batting: LHB Ajeet Lu 0-0: Ball
1-0: Ball
2-0: Called Strike
2-1: Fly out, F8 (Flyball, 8RD, EV 107.5 MPH)
Batting: RHB Augie Cohen 0-0: Ball
1-0: Foul Ball, location: 2F
1-1: Ball
2-1: Swinging Strike
2-2: Strikes out swinging
Batting: LHB Nicky Rodriguez 0-0: Called Strike
0-1: Foul Ball, location: 2F
0-2: Foul Ball, location: 2F
0-2: Fly out, F5 (Popup, 25F, EV 78.1 MPH)
Top of the 3rd over - 0 runs, 0 hits, 0 errors, 0 left on base; Eugene 2 - Rogue Valley 1
BOTTOM OF THE 3RD
Rogue Valley Dodgers batting - Pitching for Eugene Emeralds : LHP Ronaldo Cifuentes
Batting: RHB Daniel Morris-Jackson 0-0: Foul Ball, location: 2F
0-1: Swinging Strike
0-2: Ball
1-2: Foul Ball, location: 2F
1-2: Ball
2-2: Reached on error, E6 (Groundball, 6, EV 103.1 MPH)
Batting: RHB Jude Beverly 0-0: Fly out, F5 (Popup, 5SF, EV 84.4 MPH)
Batting: RHB Damian Hawkins 0-0: Called Strike
0-1: Called Strike
0-2: Ball
1-2: Strikes out looking
Batting: RHB Eric Everitt Jr. 0-0: Ball
1-0: Called Strike
1-1: Foul Ball, location: 2F
1-2: Foul Ball, location: 2F
1-2: Ball
2-2: Ground out 5-3 (Groundball, 5S, EV 86.2 MPH)
Bottom of the 3rd over - 0 runs, 0 hits, 1 error, 1 left on base; Eugene 2 - Rogue Valley 1
TOP OF THE 4TH
Eugene Emeralds batting - Pitching for Rogue Valley Dodgers : RHP Kendrich Hartz
Batting: RHB Rider Landivar 0-0: Ground out 1-3 (Groundball, 13S, EV 68.8 MPH)
Batting: RHB Oscar Rodríguez 0-0: Ball
1-0: Ball
2-0: Foul Ball, location: 2F
2-1: Foul Ball, location: 2F
2-2: Strikes out swinging
Batting: RHB Daxton Sanchez 0-0: Swinging Strike
0-1: Swinging Strike
0-2: Ball
1-2: Fly out, F8 (Line Drive, 8RD, EV 108.1 MPH)
Top of the 4th over - 0 runs, 0 hits, 0 errors, 0 left on base; Eugene 2 - Rogue Valley 1
BOTTOM OF THE 4TH
Rogue Valley Dodgers batting - Pitching for Eugene Emeralds : LHP Ronaldo Cifuentes
Batting: RHB Mason Anderson 0-0: Called Strike
0-1: Ball
1-1: TRIPLE (Line Drive, 89XD, EV 100.0 MPH)
Batting: RHB Felix Pizano 0-0: Ball
1-0: Swinging Strike
1-1: Ball
2-1: Called Strike
2-2: Ground out 2-3 (Groundball, 2R, EV 72.5 MPH)
Batting: RHB Lou Northam 0-0: Called Strike
0-1: Ball
1-1: Foul Ball, location: 2F
1-2: Strikes out looking
Batting: RHB Alilzon Vega 0-0: Ball
1-0: Fly out, F3 (Popup, 23F, EV 89.4 MPH)
Bottom of the 4th over - 0 runs, 1 hit, 0 errors, 1 left on base; Eugene 2 - Rogue Valley 1
TOP OF THE 5TH
Eugene Emeralds batting - Pitching for Rogue Valley Dodgers : RHP Kendrich Hartz
Batting: RHB Travis Armbrust 0-0: Ball
1-0: Foul Ball, location: 2F
1-1: Foul Ball, location: 2F
1-2: Ground out 5-3 (Groundball, 56, EV 97.5 MPH)
Batting: LHB Jasper Gysel 0-0: Ball
1-0: Called Strike
1-1: Ball
2-1: Ball
3-1: Fly out, F7 (Flyball, 7, EV 95.0 MPH)
Batting: RHB B.J. Carrasco 0-0: Called Strike
0-1: Ball
1-1: Foul Ball, location: 2F
1-2: Strikes out swinging
Top of the 5th over - 0 runs, 0 hits, 0 errors, 0 left on base; Eugene 2 - Rogue Valley 1
BOTTOM OF THE 5TH
Rogue Valley Dodgers batting - Pitching for Eugene Emeralds : LHP Ronaldo Cifuentes
Batting: RHB Kevin Hall 0-0: Ground out 2-3 (Groundball, 2R, EV 66.2 MPH)
Batting: RHB Daniel Morris-Jackson 0-0: Ball
1-0: Foul Ball, location: 2F
1-1: Ball
2-1: Foul Ball, location: 2F
2-2: Strikes out swinging
Batting: RHB Jude Beverly 0-0: Ground out 6-3 (Groundball, 6, EV 83.1 MPH)
Bottom of the 5th over - 0 runs, 0 hits, 0 errors, 0 left on base; Eugene 2 - Rogue Valley 1
TOP OF THE 6TH
Eugene Emeralds batting - Pitching for Rogue Valley Dodgers : RHP Kendrich Hartz
Batting: LHB Ajeet Lu 0-0: Ball
1-0: Swinging Strike
1-1: Ball
2-1: Ball
3-1: Swinging Strike
3-2: Base on Balls
Batting: RHB Augie Cohen 0-0: Fly out, F9 (Line Drive, 9D, EV 96.2 MPH)
Batting: LHB Nicky Rodriguez 0-0: Called Strike
Ajeet Lu steals 2nd base
0-1: Ball
1-1: Foul Ball, location: 2F
1-2: Ball
2-2: Strikes out swinging
Batting: RHB Rider Landivar 0-0: Called Strike
0-1: Ball
1-1: Ball
2-1: Ground out 3-1 (Groundball, 13, EV 85.0 MPH)
Top of the 6th over - 0 runs, 0 hits, 0 errors, 1 left on base; Eugene 2 - Rogue Valley 1
BOTTOM OF THE 6TH
Rogue Valley Dodgers batting - Pitching for Eugene Emeralds : LHP Ronaldo Cifuentes
Pitching: LHP Samuel García
Batting: RHB Damian Hawkins 0-0: Ball
1-0: Called Strike
1-1: Foul Ball, location: 2F
1-2: Foul Ball, location: 2F
1-2: Fly out, F3 (Popup, 3S, EV 73.8 MPH)
Batting: RHB Eric Everitt Jr. 0-0: Foul Ball, location: 2F
0-1: Ground out 5-3 (Groundball, 5, EV 86.2 MPH)
Batting: RHB Mason Anderson 0-0: Ground out 4-3 (Groundball, 4, EV 86.9 MPH)
Bottom of the 6th over - 0 runs, 0 hits, 0 errors, 0 left on base; Eugene 2 - Rogue Valley 1
TOP OF THE 7TH
Eugene Emeralds batting - Pitching for Rogue Valley Dodgers : RHP Kendrich Hartz
Pitching: RHP Hector Cordero
Batting: RHB Oscar Rodríguez 0-0: Ball
1-0: Ball
2-0: Ball
3-0: Called Strike
3-1: Base on Balls
Batting: RHB Daxton Sanchez 0-0: Foul Ball, location: 2F
0-1: Ball
1-1: Ball
2-1: Ball
3-1: Fly out, F9 (Flyball, 89S, EV 81.2 MPH)
Batting: RHB Travis Armbrust 0-0: Ground out 5-3 (Groundball, 56S, EV 73.8 MPH)
Oscar Rodríguez to second
Batting: LHB Jasper Gysel 0-0: Foul Ball, location: 2F
0-1: Foul Ball, location: 2F
0-2: Strikes out swinging
Top of the 7th over - 0 runs, 0 hits, 0 errors, 1 left on base; Eugene 2 - Rogue Valley 1
BOTTOM OF THE 7TH
Rogue Valley Dodgers batting - Pitching for Eugene Emeralds : LHP Samuel García
Batting: RHB Felix Pizano 0-0: Called Strike
0-1: Swinging Strike
0-2: Foul Ball, location: 2F
0-2: Strikes out looking
Batting: RHB Lou Northam 0-0: Ball
1-0: SINGLE (Groundball, 6M, EV 90.6 MPH) (infield hit)
Batting: RHB Alilzon Vega 0-0: Ball
1-0: Ball
2-0: Foul Ball, location: 2F
2-1: Foul Ball, location: 2F
2-2: Ball
3-2: Foul Ball, location: 2F
3-2: Fielders Choice at 2nd, 4-6 (Groundball, 4, EV 102.5 MPH)
Batting: RHB Kevin Hall 0-0: Ball
1-0: SINGLE (Flyball, 6D, EV 93.1 MPH)
Alilzon Vega to second
Batting: RHB Daniel Morris-Jackson 0-0: Ball
1-0: Swinging Strike
1-1: Foul Ball, location: 2F
1-2: Strikes out swinging
Bottom of the 7th over - 0 runs, 2 hits, 0 errors, 2 left on base; Eugene 2 - Rogue Valley 1
TOP OF THE 8TH
Eugene Emeralds batting - Pitching for Rogue Valley Dodgers : RHP Hector Cordero
Batting: RHB B.J. Carrasco 0-0: Fly out, F8 (Flyball, 8LS, EV 90.0 MPH)
Batting: LHB Ajeet Lu 0-0: Called Strike
0-1: SOLO HOME RUN (Line Drive, 9D, EV 102.5 MPH), Distance : 370 ft
Batting: RHB Augie Cohen 0-0: Fly out, F8 (Flyball, 78M, EV 92.5 MPH)
Batting: LHB Nicky Rodriguez 0-0: Ball
1-0: Ball
2-0: Ball
3-0: Base on Balls
Batting: RHB Rider Landivar 0-0: Ball
1-0: Foul Ball, location: 2F
1-1: Foul Ball, location: 2F
1-2: Ball
2-2: Foul Ball, location: 2F
2-2: Strikes out swinging
Top of the 8th over - 1 run, 1 hit, 0 errors, 1 left on base; Eugene 3 - Rogue Valley 1
BOTTOM OF THE 8TH
Rogue Valley Dodgers batting - Pitching for Eugene Emeralds : LHP Samuel García
Batting: RHB Jude Beverly 0-0: Ball
1-0: SINGLE (Groundball, 6M, EV 95.6 MPH)
Batting: RHB Damian Hawkins 0-0: Ball
1-0: Fly out, F8 (Flyball, 8RM, EV 81.2 MPH)
Batting: RHB Eric Everitt Jr. 0-0: Foul Ball, location: 2F
0-1: Foul Ball, location: 2F
0-2: Ball
1-2: Foul Ball, location: 2F
1-2: Ball
2-2: Fly out, F3 (Popup, 3SF, EV 71.2 MPH)
Batting: RHB Mason Anderson 0-0: Called Strike
0-1: Ball
1-1: Reached on error, E4 (Groundball, 4, EV 76.2 MPH)
Jude Beverly to second
Pitching: RHP Lincoln Febbraro
Pinch Runner at 2nd Sebastian Villas:
Pinch Hitting: LHB Tyler Fama 0-0: Called Strike
0-1: Ball
1-1: Fly out, F8 (Flyball, 8RXD, EV 94.4 MPH)
Bottom of the 8th over - 0 runs, 1 hit, 1 error, 2 left on base; Eugene 3 - Rogue Valley 1
TOP OF THE 9TH
Eugene Emeralds batting - Pitching for Rogue Valley Dodgers : RHP Hector Cordero
Now at 1B: Tyler Fama
Now at 3B: Anthony Stanley
Batting: RHB Oscar Rodríguez 0-0: Ball
1-0: Foul Ball, location: 2F
1-1: Ball
2-1: DOUBLE (Flyball, 89XD, EV 110.0 MPH)
Batting: RHB Daxton Sanchez 0-0: Called Strike
0-1: Ball
1-1: Ball
2-1: Foul Ball, location: 2F
2-2: Ball
3-2: Base on Balls
Pitching: RHP Marco Carreon
Batting: RHB Travis Armbrust 0-0: Ball
1-0: Swinging Strike
1-1: Foul Ball, location: 2F
1-2: Fielders Choice at 2nd, 6-4 (Groundball, 6, EV 86.2 MPH)
Oscar Rodríguez to third
Batting: LHB Jasper Gysel 0-0: Ball
1-0: Ball
2-0: Swinging Strike
2-1: 3-RUN HOME RUN (Flyball, 9D, EV 96.2 MPH), Distance : 361 ft
Batting: RHB B.J. Carrasco 0-0: Called Strike
0-1: Ball
1-1: Fly out, F8 (Line Drive, 8RM, EV 91.2 MPH)
Batting: LHB Ajeet Lu 0-0: Ball
1-0: Foul Ball, location: 2F
1-1: Called Strike
1-2: Ball
2-2: Ball
3-2: Base on Balls
Batting: RHB Augie Cohen 0-0: Called Strike
0-1: Fly out, F8 (Flyball, 8RM, EV 89.4 MPH)
Top of the 9th over - 3 runs, 2 hits, 0 errors, 1 left on base; Eugene 6 - Rogue Valley 1
BOTTOM OF THE 9TH
Rogue Valley Dodgers batting - Pitching for Eugene Emeralds : RHP Lincoln Febbraro
Batting: RHB Lou Northam 0-0: Ground out 5-3 (Groundball, 5, EV 84.4 MPH)
Batting: RHB Alilzon Vega 0-0: Ball
1-0: Swinging Strike
1-1: Swinging Strike
1-2: Ball
2-2: Foul Ball, location: 2F
2-2: Ball
3-2: Fly out, F4 (Popup, 4MD, EV 57.5 MPH)
Batting: RHB Kevin Hall 0-0: Called Strike
0-1: Ball
1-1: Foul Ball, location: 2F
1-2: DOUBLE (Groundball, 5L, EV 103.8 MPH)
Batting: RHB Daniel Morris-Jackson 0-0: Ball
1-0: Called Strike
1-1: Ball
2-1: Fly out, F9 (Flyball, 89D, EV 99.4 MPH)
Bottom of the 9th over - 0 runs, 1 hit, 0 errors, 1 left on base; Eugene 6 - Rogue Valley 1
Monday, May 6th , 2024 - OOTP Baseball 24.11 Build 85